 Dungeon Crawl Stone Soup version 0.20.0-8-g6b59dc7 (webtiles) character file.

11 Gorglomux the Chiller (level 2, 0/24 HPs)
             Began as a Naga Wanderer on May 31, 2017.
             Slain by a jackal (3 damage)
             ... on level 1 of the Dungeon.
             The game lasted 00:01:19 (910 turns).

Gorglomux the Chiller (Naga Wanderer)                Turns: 910, Time: 00:01:20

Health: 0/24       AC:  2    Str: 15    XL:     2   Next: 25%
Magic:  3/3        EV:  8    Int: 12    God:
Gold:   73         SH:  0    Dex:  9    Spells: 3/3 levels left

rFire    . . .     SeeInvis +   V - -1 dagger (curse)
rCold    . . .     Gourm    .   (no shield)
rNeg     . . .     Faith    .   Y - +0 leather armour
rPois    +         Spirit   .   (no helmet)
rElec    .         Reflect  .   (no cloak)
rCorr    .         Harm     .   (no gloves)
MR       .....                  (no barding)
Stlth    ++........             R - amulet of rage
Regen    0.1/turn               (no ring)
MPRegen  0.1/turn               (no ring)

@: short of breath, very slow
A: see invisible, deformed body, poison resistance, slowness 2, slow metabolism
1, spit poison 1, AC +0
a: Spit Poison, Evoke Berserk Rage


You were on level 1 of the Dungeon.
You were not hungry.

You visited 1 branch of the dungeon, and saw 1 of its levels.

You collected 73 gold pieces.

Inventory:

Hand Weapons
 e - a +0 club
 T - a +0 spear
 V - a cursed -1 dagger (weapon)
Armour
 d - a +0 robe
 Y - a +0 leather armour (worn)
Jewellery
 R - an amulet of rage (around neck)
Scrolls
 S - a scroll of identify {unknown}
 U - a scroll of remove curse {unknown}
Potions
 Q - a potion of curing
 X - a potion of lignification {unknown}
Books
 a - a book of Minor Magic

   Spells                             Type                      Level
   a - Magic Dart                     Conjuration                  1
   b - Blink                          Translocation                2
   c - Call Imp                       Summoning                    2
   d - Slow                           Hexes                        2
   e - Conjure Flame                  Conjuration/Fire             3
   f - Mephitic Cloud                 Conjuration/Poison/Air       3
 c - the Papyrus of Flight

   Spells                             Type                      Level
   a - Shock                          Conjuration/Air              1
   b - Static Discharge               Conjuration/Air              3
Comestibles
 f - 2 bread rations


   Skills:
 + Level 0.8 Fighting
 + Level 3.0 Stealth
 - Level 1.0 Spellcasting
   Level 3.0 Ice Magic
   Level 2.0 Air Magic
   Level 1.0 Earth Magic
   Level 1.3 Poison Magic
 - Level 1.0 Evocations


You had 3 spell levels left.
You didn't know any spells.

Dungeon Overview and Level Annotations

Branches:
Dungeon (1/15)

Altars:


Innate Abilities, Weirdness & Mutations

You cannot wear boots.
Your serpentine skin is tough. (AC +0)
You have supernaturally acute eyesight. (SInv)
Armour fits poorly on your strangely shaped body.
Your system is resistant to poisons. (rPois)
You cover ground very slowly.
You have a slow metabolism.
You can spit poison.


Message History

The jackal barely misses you.
You hit the jackal but do no damage.
The jackal is almost dead.
The jackal bites you.
* * * LOW HITPOINT WARNING * * *
You are too injured to fight recklessly!
You are too injured to fight recklessly!
You are too injured to fight recklessly!
Press: ? - help, Shift-Dir - straight line, f/p - jackal
Aim: a jackal (almost dead)
The splash of poison misses the jackal.
You feel slightly more hungry. The jackal bites you.
* * * LOW HITPOINT WARNING * * *
The jackal bites you.
* * * LOW HITPOINT WARNING * * *
You are too injured to fight recklessly!
You closely miss the jackal.
The jackal is almost dead.
The jackal bites you.
You die...

#.................
#.##.##.##.###...#
#.##.......# #...#
#.##.##.#### #...# #.##.##.#
#...# #.##.##.######...#
######### #................#
........######.##.######...#
#†..h@...##.# ######
########....#####.....
#..........###.
#....##........
##.#...........
####.####.##.#.#.
#.......#.##..(..
#.##.##.#.##..... #.##.#
#.####.##


You could see a jackal.

Vanquished Creatures
  A hobgoblin (D:1)
  2 jackals (D:1)
  3 bats (D:1)
  A frilled lizard (D:1)
  A kobold (D:1)
  5 rats (D:1)
13 creatures vanquished.

Notes
Turn   | Place    | Note
-------+----------+-------------------------------------------
     0 | D:1      | Gorglomux the Naga Wanderer began the quest for the Orb.
     0 | D:1      | Gorglomux set off with: a book of Minor Magic, the Papyrus of Flight, a +0 robe, a +0 club, a bread ration, a potion of curing
     0 | D:1      | Reached XP level 1. HP: 15/15 MP: 2/2
     0 | D:1      | Identified the Papyrus of Flight
   693 | D:1      | Reached XP level 2. HP: 15/24 MP: 3/3
   899 | D:1      | Reached skill level 3 in Stealth
   910 | D:1      | Slain by a jackal

Skill      XL: |  1  2 |
---------------+-------+-----
Stealth        | 2 3 |  3.0
Fighting       | |  0.8
Spellcasting   | |  1.0
Ice Magic      | |  3.0
Air Magic      | |  2.0
Earth Magic    | |  1.0
Poison Magic   | |  1.3
Evocations     | |  1.0

Action                   || total
-------------------------++-------
Melee: Spear             ||    24
       Dagger            ||    22
 Abil: Spit Poison       ||    10
Armor: Robe              ||     9
       Leather armour    ||     7
Dodge: Dodged            ||    29
